[ PARTIDA AOE2 · #494476757 ]
UnrankedBorgoñones vs Chinese
Equipo del jugador · DERR
Equipo rival · VICT
[ ANÁLISIS DE REPETICIÓN · EXTRAÍDO DE LA PARTIDA GRABADA ]
Feudal
12:09
Castillos
29:54
Imperial
—
| APM promedio | 56.8 |
| APM pico | 101 |
| eAPM promedio | 36.1 |
| Aldeanos / militares | 81 / 67 |
Foco
⚔️ 58.3% · 🌾 41.7%
Flemish Militia ×38 · Skirmisher ×27 · Cavalry Archer ×2
Feudal
11:05
Castillos
28:46
Imperial
—
| APM promedio | 52.5 |
| APM pico | 80 |
| eAPM promedio | 27.3 |
| Aldeanos / militares | 52 / 85 |
Foco
⚔️ 35.0% · 🌾 65.0%
Militia ×59 · Skirmisher ×12 · Archer ×9 · Fire Lancer ×3 · Iron Pagoda ×1 · Battering Ram ×1
Mapa de la partida
Recursos iniciales + cada clic de construcción. Líneas = muros · curvas = relieve. ◆ oro · ⬟ piedra · ● bayas · ✦ reliquia · ◌ hueco del cierre
Tu base· Abierta — flanco sin cerrar
Base de Moshaaa· Abierta — flanco sin cerrar
Terreno inicial suavizado · ◌ = hueco del cierre detectado · pasá el cursor para detalles
Inputs por minuto
— rono - - Moshaaa
Build order — rono
Primeras 150 de 228 acciones detectadas
| 0:23 | Construir | Town Center |
| 2:18 | Crear | Villager (Male) |
| 2:22 | Crear | Villager (Male) |
| 2:23 | Crear | Villager (Male) |
| 2:23 | Crear | Villager (Male) |
| 2:41 | Construir | House |
| 3:35 | Crear | Villager (Male) |
| 4:01 | Crear | Villager (Male) |
| 4:01 | Crear | Villager (Male) |
| 4:30 | Construir | House |
| 4:32 | Crear | Villager (Male) |
| 4:39 | Construir | House |
| 4:58 | Crear | Villager (Male) |
| 5:09 | Crear | Villager (Male) |
| 5:28 | Construir | House |
| 5:53 | Crear | Villager (Male) |
| 6:06 | Crear | Villager (Male) |
| 6:25 | Crear | Villager (Male) |
| 6:55 | Crear | Villager (Male) |
| 7:26 | Crear | Villager (Male) |
| 7:40 | Construir | Lumber Camp |
| 7:47 | Crear | Villager (Male) |
| 8:05 | Crear | Villager (Male) |
| 8:20 | Investigar | Double-Bit Axe |
| 8:28 | Crear | Villager (Male) |
| 8:37 | Construir | House |
| 8:53 | Crear | Villager (Male) |
| 9:16 | Crear | Villager (Male) |
| 9:19 | Construir | Mining Camp |
| 9:29 | Construir | House |
| 9:34 | Investigar | Loom |
| 9:59 | Investigar | Feudal Age |
| 10:06 | Crear | Villager (Male) |
| 10:19 | Construir | House |
| 10:20 | Construir | Palisade Wall |
| 10:37 | Construir | Barracks |
| 10:40 | Construir | Barracks |
| 10:48 | Construir | Palisade Wall |
| 10:49 | Construir | Palisade Wall |
| 11:21 | Construir | Mill |
| 12:09 | Construir | Palisade Wall |
| 12:09 | Edad | Edad Feudal |
| 12:16 | Crear | Flemish Militia |
| 12:17 | Crear | Flemish Militia |
| 12:18 | Construir | Archery Range |
| 12:19 | Crear | Villager (Male) |
| 12:22 | Crear | Villager (Male) |
| 12:28 | Construir | Palisade Wall |
| 12:39 | Crear | Villager (Male) |
| 12:44 | Crear | Flemish Militia |
| 12:45 | Crear | Villager (Male) |
| 12:51 | Crear | Villager (Male) |
| 12:56 | Crear | Villager (Male) |
| 13:12 | Crear | Villager (Male) |
| 13:38 | Construir | Farm |
| 13:38 | Crear | Skirmisher |
| 13:40 | Construir | House |
| 13:42 | Crear | Skirmisher |
| 13:43 | Crear | Flemish Militia |
| 13:44 | Crear | Flemish Militia |
| 13:46 | Crear | Villager (Male) |
| 13:49 | Crear | Villager (Male) |
| 13:53 | Crear | Villager (Male) |
| 13:58 | Crear | Villager (Male) |
| 14:06 | Investigar | Horse Collar |
| 14:07 | Crear | Skirmisher |
| 14:10 | Construir | Lumber Camp |
| 14:17 | Construir | Farm |
| 14:20 | Construir | Farm |
| 14:22 | Crear | Skirmisher |
| 14:26 | Crear | Flemish Militia |
| 14:48 | Construir | Farm |
| 14:49 | Crear | Skirmisher |
| 14:57 | Crear | Villager (Male) |
| 15:05 | Investigar | Arson |
| 15:24 | Crear | Villager (Male) |
| 15:28 | Construir | House |
| 15:30 | Crear | Skirmisher |
| 15:40 | Crear | Villager (Male) |
| 15:40 | Crear | Villager (Male) |
| 15:40 | Crear | Villager (Male) |
| 15:43 | Investigar | Bow Saw |
| 15:44 | Crear | Villager (Male) |
| 15:59 | Construir | Blacksmith |
| 16:06 | Crear | Skirmisher |
| 16:11 | Crear | Villager (Male) |
| 16:25 | Crear | Skirmisher |
| 16:33 | Construir | Mining Camp |
| 16:48 | Crear | Skirmisher |
| 16:49 | Crear | Villager (Male) |
| 16:53 | Construir | Farm |
| 17:22 | Construir | Watch Tower |
| 17:34 | Crear | Flemish Militia |
| 17:38 | Construir | Stone Wall |
| 17:41 | Crear | Villager (Male) |
| 17:49 | Crear | Villager (Male) |
| 17:53 | Construir | Stone Wall |
| 17:54 | Construir | Stone Wall |
| 17:56 | Crear | Villager (Male) |
| 18:09 | Crear | Villager (Male) |
| 18:12 | Construir | Farm |
| 18:12 | Construir | Farm |
| 18:13 | Construir | Farm |
| 18:35 | Crear | Villager (Male) |
| 18:43 | Crear | Skirmisher |
| 18:46 | Construir | Mining Camp |
| 19:10 | Crear | Villager (Male) |
| 19:21 | Construir | Lumber Camp |
| 19:23 | Crear | Skirmisher |
| 19:30 | Construir | Farm |
| 19:39 | Crear | Villager (Male) |
| 19:43 | Construir | Mill |
| 19:44 | Construir | Farm |
| 19:44 | Construir | Farm |
| 19:44 | Construir | Farm |
| 19:44 | Construir | Farm |
| 19:44 | Construir | Farm |
| 19:48 | Crear | Skirmisher |
| 20:08 | Crear | Villager (Male) |
| 20:18 | Crear | Skirmisher |
| 20:25 | Construir | House |
| 20:28 | Construir | Mining Camp |
| 20:35 | Crear | Villager (Male) |
| 20:40 | Crear | Skirmisher |
| 20:46 | Construir | Farm |
| 20:48 | Construir | Farm |
| 20:53 | Crear | Villager (Male) |
| 20:58 | Construir | House |
| 21:02 | Crear | Villager (Male) |
| 21:08 | Construir | House |
| 21:18 | Crear | Skirmisher |
| 21:22 | Crear | Flemish Militia |
| 21:22 | Crear | Flemish Militia |
| 21:34 | Crear | Flemish Militia |
| 21:42 | Construir | Farm |
| 21:43 | Crear | Flemish Militia |
| 21:46 | Crear | Skirmisher |
| 21:52 | Crear | Flemish Militia |
| 22:04 | Crear | Flemish Militia |
| 22:17 | Crear | Flemish Militia |
| 22:24 | Crear | Flemish Militia |
| 22:27 | Crear | Skirmisher |
| 22:35 | Construir | Farm |
| 22:36 | Construir | Farm |
| 22:39 | Crear | Flemish Militia |
| 22:48 | Crear | Villager (Male) |
| 23:03 | Crear | Villager (Male) |
| 23:05 | Construir | Market |
| 23:09 | Construir | Farm |
| 23:20 | Crear | Villager (Male) |
Build order — Moshaaa
Primeras 150 de 218 acciones detectadas
| 0:09 | Construir | Town Center |
| 2:18 | Investigar | Loom |
| 2:48 | Crear | Villager (Male) |
| 3:14 | Crear | Villager (Male) |
| 3:30 | Construir | House |
| 3:36 | Crear | Villager (Male) |
| 3:36 | Crear | Villager (Male) |
| 3:53 | Crear | Villager (Male) |
| 4:25 | Crear | Villager (Male) |
| 4:25 | Crear | Villager (Male) |
| 4:58 | Crear | Villager (Male) |
| 5:08 | Crear | Villager (Male) |
| 5:08 | Crear | Villager (Male) |
| 5:40 | Crear | Villager (Male) |
| 5:48 | Construir | Mill |
| 6:22 | Crear | Villager (Male) |
| 6:22 | Crear | Villager (Male) |
| 7:11 | Crear | Villager (Male) |
| 7:16 | Construir | Lumber Camp |
| 7:18 | Crear | Villager (Male) |
| 7:18 | Crear | Villager (Male) |
| 7:35 | Crear | Villager (Male) |
| 7:40 | Construir | House |
| 8:55 | Investigar | Feudal Age |
| 9:36 | Construir | Barracks |
| 9:43 | Construir | House |
| 10:17 | Crear | Villager (Male) |
| 10:22 | Construir | Mining Camp |
| 10:35 | Construir | House |
| 11:05 | Edad | Edad Feudal |
| 11:06 | Construir | Watch Tower |
| 11:12 | Construir | Archery Range |
| 11:17 | Crear | Villager (Male) |
| 11:33 | Construir | Mining Camp |
| 11:34 | Crear | Villager (Male) |
| 11:37 | Crear | Militia |
| 11:43 | Crear | Militia |
| 11:53 | Investigar | Double-Bit Axe |
| 12:05 | Crear | Archer |
| 12:08 | Crear | Villager (Male) |
| 12:29 | Crear | Militia |
| 12:29 | Crear | Villager (Male) |
| 12:59 | Investigar | Man-at-Arms (upgrade) |
| 13:00 | Crear | Villager (Male) |
| 13:18 | Crear | Villager (Male) |
| 13:21 | Construir | House |
| 13:27 | Crear | Archer |
| 13:33 | Crear | Militia |
| 13:42 | Construir | House |
| 13:52 | Construir | Farm |
| 13:56 | Construir | Farm |
| 13:59 | Construir | Farm |
| 14:00 | Crear | Villager (Male) |
| 14:18 | Crear | Archer |
| 14:22 | Construir | Farm |
| 14:23 | Crear | Militia |
| 14:42 | Construir | Blacksmith |
| 14:46 | Crear | Archer |
| 14:52 | Crear | Villager (Male) |
| 15:12 | Crear | Militia |
| 15:22 | Crear | Villager (Male) |
| 15:40 | Investigar | Fletching |
| 15:41 | Investigar | Fletching |
| 15:59 | Crear | Villager (Male) |
| 16:29 | Crear | Archer |
| 16:30 | Crear | Militia |
| 16:31 | Crear | Villager (Male) |
| 16:46 | Crear | Militia |
| 16:51 | Construir | Market |
| 16:54 | Construir | Mill |
| 16:54 | Construir | Farm |
| 16:54 | Construir | Farm |
| 16:54 | Construir | Farm |
| 16:55 | Construir | Farm |
| 17:08 | Crear | Militia |
| 17:09 | Crear | Villager (Male) |
| 17:29 | Crear | Archer |
| 17:35 | Crear | Villager (Male) |
| 17:39 | Construir | Lumber Camp |
| 17:53 | Construir | House |
| 17:53 | Construir | House |
| 18:00 | Construir | Watch Tower |
| 18:16 | Crear | Villager (Male) |
| 18:17 | Crear | Villager (Male) |
| 18:19 | Crear | Militia |
| 18:19 | Crear | Militia |
| 18:50 | Crear | Militia |
| 19:02 | Crear | Archer |
| 19:05 | Crear | Skirmisher |
| 19:05 | Crear | Skirmisher |
| 19:18 | Construir | Mill |
| 19:19 | Crear | Villager (Male) |
| 19:28 | Crear | Villager (Male) |
| 19:40 | Construir | Farm |
| 19:45 | Construir | Farm |
| 19:46 | Construir | Farm |
| 19:53 | Construir | Farm |
| 20:00 | Crear | Skirmisher |
| 20:01 | Crear | Militia |
| 20:13 | Crear | Skirmisher |
| 20:18 | Crear | Villager (Male) |
| 20:28 | Construir | Farm |
| 20:30 | Construir | Mill |
| 20:32 | Construir | Farm |
| 20:43 | Investigar | Scale Mail Armor |
| 20:43 | Investigar | Scale Mail Armor |
| 20:48 | Crear | Skirmisher |
| 20:52 | Crear | Archer |
| 21:00 | Construir | House |
| 21:03 | Construir | House |
| 21:05 | Crear | Villager (Male) |
| 21:23 | Crear | Militia |
| 21:35 | Crear | Militia |
| 21:46 | Crear | Militia |
| 21:47 | Crear | Skirmisher |
| 22:14 | Crear | Militia |
| 22:15 | Crear | Archer |
| 22:17 | Crear | Villager (Male) |
| 22:17 | Crear | Villager (Male) |
| 22:36 | Crear | Militia |
| 23:06 | Construir | Barracks |
| 23:08 | Crear | Militia |
| 23:13 | Construir | Mill |
| 23:13 | Construir | Farm |
| 23:13 | Construir | Farm |
| 23:14 | Construir | Farm |
| 23:14 | Construir | Farm |
| 23:14 | Construir | Farm |
| 23:14 | Construir | Farm |
| 23:15 | Construir | Farm |
| 23:15 | Crear | Villager (Male) |
| 23:16 | Crear | Villager (Male) |
| 23:19 | Crear | Militia |
| 23:19 | Crear | Militia |
| 23:20 | Investigar | Forging |
| 23:45 | Crear | Militia |
| 23:56 | Crear | Militia |
| 23:59 | Crear | Skirmisher |
| 23:59 | Crear | Skirmisher |
| 24:07 | Crear | Militia |
| 24:07 | Crear | Militia |
| 24:25 | Crear | Villager (Male) |
| 24:30 | Construir | Mining Camp |
| 24:36 | Crear | Militia |
| 24:36 | Crear | Militia |
| 25:09 | Construir | Farm |
| 25:10 | Investigar | Horse Collar |
| 26:06 | Investigar | Castle Age |
| 26:12 | Crear | Militia |
| 26:12 | Crear | Militia |
Cronología de la partida
| 9:36 | Moshaaa · first_building Barracks |
| 10:20 | rono · wall_segment Palisade Wall x1 |
| 10:37 | rono · first_building Barracks |
| 10:48 | rono · wall_segment Palisade Wall x1 |
| 10:49 | rono · wall_segment Palisade Wall x1 |
| 11:05 | Moshaaa · age_up feudal |
| 11:12 | Moshaaa · first_building Archery Range |
| 12:09 | rono · wall_segment Palisade Wall x1 |
| 12:09 | rono · age_up feudal |
| 12:18 | rono · first_building Archery Range |
| 12:28 | rono · wall_segment Palisade Wall x1 |
| 17:38 | rono · wall_segment Stone Wall x1 |
| 17:53 | rono · wall_segment Stone Wall x1 |
| 17:54 | rono · wall_segment Stone Wall x1 |
| 17:57 | Moshaaa · first_market_sell 100 wood |
| 17:58 | Moshaaa · first_market_buy 100 stone |
| 24:46 | rono · wall_segment Stone Wall x1 |
| 24:48 | rono · wall_segment Stone Wall x1 |
| 25:41 | rono · first_market_sell 500 wood |
| 25:42 | rono · first_market_buy 500 food |
| 26:41 | rono · wall_segment Stone Wall x1 |
| 26:41 | rono · wall_segment Stone Wall x1 |
| 26:42 | rono · wall_segment Stone Wall x1 |
| 28:46 | Moshaaa · age_up castle |
| 28:57 | Moshaaa · first_building Siege Workshop |
| 29:54 | rono · age_up castle |
| 32:02 | rono · first_building Monastery |
| 33:17 | rono · resign |
[ ANÁLISIS IA · 1 CRÉDITO ]
¿Qué pasó realmente en esta partida?
Wolo.gg analiza cada decisión: build order, eco, micro, errores típicos por bracket. Análisis personalizado por WhatsApp o Discord en 30 segundos.
Guía civ
Borgoñones
Perfil
Jugador #25434928